 Dungeon Crawl Stone Soup version 0.17-a0-1011-gfa70bdd (console) character file.

42 sose the Caller (level 3, -5/16 HPs)
             Began as a Vine Stalker Summoner on May 13, 2015.
             Slain by Crazy Yiuf
             ... wielding a +4 quarterstaff of chaos
              (8 damage)
             ... on level 2 of the Dungeon.
             The game lasted 00:05:33 (965 turns).

sose the Caller (Vine Stalker Summoner)              Turns: 965, Time: 00:05:34

Health: -5/16      AC:  2    Str: 10    XL:     3   Next: 54%
Magic:  0/7        EV: 12    Int: 16    God:
Gold:   44         SH:  0    Dex: 14    Spells: 3 memorised, 0 levels left

rFire  + . .     SeeInvis .     h - +0 dagger (curse)
rCold  . . .     Clarity  .     a - +0 robe
rNeg   . . .     SustAb   .     (no shield)
rPois  +         Gourm    .     (no helmet)
rElec  .         Spirit   +     (no cloak)
rCorr  .         Warding  .     (no gloves)
rMut   .         Stasis   .     (no boots)
MR     .....                    (no amulet)
Stlth  ++........               q - ring of poison resistance
                                p - ring of protection from fire

@: not resistant to hostile enchantments, unstealthy
A: fangs 2, regeneration 1, magic shield, antimagic bite, no device heal 3, rot
immunity
a: no special abilities


You were on level 2 of the Dungeon.
You were not hungry.

You visited 1 branch of the dungeon, and saw 2 of its levels.

You collected 44 gold pieces.

Inventory:

Hand weapons
 h - a cursed +0 dagger (weapon)
 o - a +0 whip of electrocution
Armour
 a - a +0 robe (worn)
Jewellery
 p - a ring of protection from fire (left hand)
 q - a ring of poison resistance (right hand)
Scrolls
 e - a scroll of identify
 f - a scroll of enchant weapon
 l - a scroll of fog
Potions
 j - a potion of brilliance {unknown}
 k - a potion of curing {unknown}
 m - a potion of resistance {unknown}
 n - a potion of heal wounds {unknown}
Books
 b - a book of Callings

   Spells                             Type                      Level
   a - Summon Small Mammal            Summoning                    1
   b - Call Imp                       Summoning                    2
   c - Call Canine Familiar           Summoning                    3
   d - Summon Guardian Golem          Hexes/Summoning              3
   e - Summon Lightning Spire         Summoning/Air                4
   f - Summon Ice Beast               Ice/Summoning                4
Comestibles
 c - a bread ration
 d - 4 meat rations
 g - a chunk of flesh
 i - a beef jerky


   Skills:
 - Level 1.5 Dodging
 - Level 2.4 Stealth
 - Level 2.1 Spellcasting
 + Level 5.2 Summonings


You couldn't memorise any spells.
You knew the following spells:

 Your Spells              Type           Power        Failure   Level  Hunger
a - Summon Small Mammal   Summ           ###.         2%          1    #......
b - Call Imp              Summ           ###.....     4%          2    ###....
c - Call Canine Familiar  Summ           ###.....     10%         3    ###....


Dungeon Overview and Level Annotations

Branches:
Dungeon (2/15)

Altars:

Annotations:
D:2 Crazy Yiuf


Innate Abilities, Weirdness & Mutations

You have extremely sharp teeth.
Your natural rate of healing is unusually fast.
When hurt, damage is shared between your health and your magic reserves.
Your bite disrupts and absorbs the magic of your enemies.
Potions and wands cannot restore your health.
You are immune to rotting.


Message History

Crazy Yiuf moves out of view.
Casting: Summon Small Mammal
Confirm with . or Enter, or press ? or * to list all spells.
Something completely misses your hound.
Crazy Yiuf hits your hound with a quarterstaff of chaos!
Crazy Yiuf freezes your hound.
Your hound dies!
Your hound's corpse disappears in a puff of smoke!
Unknown command.
Casting: Call Canine Familiar
Confirm with . or Enter, or press ? or * to list all spells.
Crazy Yiuf hits you with a quarterstaff of chaos!
Ouch! That really hurt!
* * * LOW HITPOINT WARNING * * *
You hit Crazy Yiuf. You bite Crazy Yiuf, but do no damage.
Crazy Yiuf is lightly wounded.
Your hound barely misses Crazy Yiuf.
Crazy Yiuf hits you with a quarterstaff of chaos!
Ouch! That really hurt!
You die...

#....#
♣....♣
♣...♣♣
♣♣.♣♣
♣.♣♣
♣♣.♣
♣.♣♣
♣♣.♣
#@#
#gh.#
#...#
#..)#
#####


You could see Crazy Yiuf and a friendly hound.

Vanquished Creatures
  An adder (D:2)
  2 giant geckos (D:2)
  A bat (D:1)
  A giant cockroach (D:1)
  3 goblins (D:1)
  3 hobgoblins (D:1)
  A kobold (D:1)
  3 giant newts (D:1)
  4 jackals
  6 rats (D:1)
25 creatures vanquished.

Vanquished Creatures (collateral kills)
  A giant cockroach (D:1)
  A goblin (D:1)
  2 hobgoblins (D:1)
  4 jackals
  A kobold (D:1)
  A giant newt (D:2)
  3 rats
13 creatures vanquished.

Vanquished Creatures (others)
  2 hounds (D:2)
  A shadow imp (D:1)
  A bat (D:1)
  3 rats
7 creatures vanquished.

Grand Total: 45 creatures vanquished

Notes
Turn   | Place    | Note
--------------------------------------------------------------
     0 | D:1      | sose the Vine Stalker Summoner began the quest for the Orb.
     0 | D:1      | Reached XP level 1. HP: 9/9 MP: 4/4
   168 | D:1      | Reached XP level 2. HP: 13/13 MP: 3/6
   180 | D:1      | Learned a level 2 spell: Call Imp
   585 | D:1      | Reached XP level 3. HP: 16/16 MP: 7/7
   807 | D:2      | Reached skill level 5 in Summonings
   823 | D:2      | Learned a level 3 spell: Call Canine Familiar
   959 | D:2      | Noticed Crazy Yiuf
   965 | D:2      | Slain by Crazy Yiuf

Vault maps used:
D:1:      lemuel_arrival_cross
D:2:      uniq_crazy_yiuf_cottage

Action                   || total
-------------------------++-------
Melee: Unarmed           ||    13
       Dagger            ||    77
 Cast: Summon Small Mamm ||    16
       Call Imp          ||     3
       Call Canine Famil ||     3
  Use: Scroll            ||     5
 Stab: Sleeping          ||     2
  Eat: Chunk             ||     1
